[Event "ICC tourney 2216 (45 10)"]
[Site "Internet Chess Club"]
[Date "2020.12.19"]
[Round "4"]
[White "ashvathk5"]
[Black "wanderingeigeas"]
[Result "1-0"]
[ICCResult "Black resigns"]
[WhiteElo "986"]
[BlackElo "1170"]
[Opening "French: advance, Milner-Barry gambit"]
[ECO "C02"]
[NIC "FR.03"]
[Time "17:31:28"]
[PlyCount "69"]
[TimeControl "2700+10"]

1. e4 e6 2. d4 d5 3. e5 c5 4. c3 Qb6 5. Nf3 Nc6 6. Bd3 Bd7 7. dxc5 Bxc5 8.
O-O Nge7 9. b4 Nxb4 10. cxb4 Bxb4 11. Be3 Qc7 12. Qb3 Nc6 13. Bb5 Be7 14.
Bxc6 bxc6 15. Rc1 O-O 16. Qd3 c5 17. Bg5 f6 18. exf6 gxf6 19. Bh6 Rf7 20.
Nfd2 Bd6 21. h3 c4 22. Qf3 Be5 23. Nc3 d4 24. Nce4 c3 25. Nb3 Bc6 26. Qg4+
Kh8 27. Nec5 f5 28. Qh5 Re7 29. Bg5 Rg8 30. Bxe7 Bxg2 31. Bg5 Bf4 32. Bf6+
Rg7 33. Bxg7+ Qxg7 34. Qe8+ Qg8 35. Qxg8+ { Black resigns } 1-0

[Event "ICC tourney 2216 (45 10)"]
[Site "Internet Chess Club"]
[Date "2020.12.19"]
[Round "4"]
[White "FreddyPatzer"]
[Black "Maximusiv"]
[Result "1-0"]
[ICCResult "Black resigns"]
[WhiteElo "1319"]
[BlackElo "1011"]
[Opening "Scandinavian defense"]
[ECO "B01"]
[NIC "SD.03"]
[Time "17:31:37"]
[PlyCount "137"]
[TimeControl "2700+10"]

1. e4 d5 2. exd5 Nf6 3. Bb5+ Nbd7 4. Nf3 a6 5. Be2 b5 6. d4 Nxd5 7. O-O Bb7
8. c4 bxc4 9. Bxc4 e6 10. Nc3 N7f6 11. Bg5 h6 12. Bh4 g5 13. Bg3 Bg7 14.
Qa4+ Qd7 15. Qxd7+ Kxd7 16. Ne5+ Ke7 17. a3 Nh5 18. Nxd5+ exd5 19. Ba2 Nxg3
20. fxg3 Bxe5 21. Rae1 Kd6 22. Rxe5 c5 23. Rf6+ Kc7 24. Rxf7+ Kb6 25. dxc5+
Kxc5 26. Rxb7 Rad8 27. Ra7 Kd4 28. Re6 Kd3 29. Raxa6 d4 30. Ra4 Kd2 31. Re4
d3 32. Rad4 Rhe8 33. Rxd8 Rxd8 34. Re5 Kc2 35. Rd5 Re8 36. Bb1+ Kxb1 37.
Rxd3 Kxb2 38. a4 Kc2 39. Rd5 Ra8 40. a5 Ra6 41. Kf2 Kc3 42. Ke3 Kc4 43. Ke4
Kb4 44. Kf5 Kc4 45. Re5 Kd4 46. Re4+ Kc5 47. Kg4 Kb5 48. h4 gxh4 49. Kxh4
Kxa5 50. Re5+ Kb4 51. Kh5 Kc4 52. g4 Kd4 53. Re7 Ra3 54. Kxh6 Rg3 55. g5
Rxg2 56. g6 Kd5 57. Kh7 Kd6 58. Re1 Rh2+ 59. Kg7 Rf2 60. Kg8 Rg2 61. g7 Kd7
62. Re4 Rf2 63. Kh7 Rh2+ 64. Kg6 Rg2+ 65. Kf6 Rf2+ 66. Kg5 Rg2+ 67. Rg4
Rxg4+ 68. Kxg4 Ke7 69. g8=Q { Black resigns } 1-0

[Event "ICC tourney 2216 (45 10)"]
[Site "Internet Chess Club"]
[Date "2020.12.19"]
[Round "4"]
[White "RisshiNaavaal"]
[Black "Cougar2020"]
[Result "0-1"]
[ICCResult "White resigns"]
[WhiteElo "1092"]
[BlackElo "1305"]
[Opening "QGD semi-Slav"]
[ECO "D43"]
[NIC "SL.06"]
[Time "17:31:32"]
[PlyCount "66"]
[TimeControl "2700+10"]

1. d4 d5 2. c4 c6 3. Nc3 e6 4. Nf3 Nf6 5. Bg5 h6 6. Bh4 Be7 7. e3 Nbd7 8.
Bd3 O-O 9. O-O a6 10. a4 Re8 11. e4 Nxe4 12. Bxe7 Nxc3 13. bxc3 Qxe7 14.
Qc2 dxc4 15. Bxc4 b6 16. Rfe1 Nf6 17. Ne5 Qc7 18. f4 Bb7 19. Bd3 b5 20. a5
c5 21. Qb2 Red8 22. Be2 Qd6 23. Bf3 Bxf3 24. Nxf3 Qxf4 25. Ne5 Rac8 26. Rf1
Qe3+ 27. Kh1 cxd4 28. Rae1 Qxc3 29. Qxc3 dxc3 30. Rc1 b4 31. Rb1 c2 32.
Rbc1 b3 33. h3 b2 { White resigns } 0-1

[Event "ICC tourney 2216 (45 10)"]
[Site "Internet Chess Club"]
[Date "2020.12.19"]
[Round "4"]
[White "ethansun188"]
[Black "baldwinsthename"]
[Result "0-1"]
[ICCResult "White checkmated"]
[WhiteElo "1180"]
[BlackElo "1215"]
[Opening "Petrov's defense"]
[ECO "C42"]
[NIC "RG.03"]
[Time "17:31:32"]
[PlyCount "58"]
[TimeControl "2700+10"]

1. e4 e5 2. Nf3 Nf6 3. Nxe5 Nc6 4. Nxc6 dxc6 5. Nc3 Bc5 6. Be2 Qd4 7. O-O
h5 8. d3 Ng4 9. Bxg4 hxg4 10. Be3 Qd6 11. g3 Bxe3 12. fxe3 Qh6 13. Qe2 Be6
14. Rf2 O-O-O 15. a4 g6 16. Ra3 Qf8 17. Qe1 Qd6 18. Rg2 Rh5 19. d4 Rdh8 20.
e5 Qe7 21. e4 Qb4 22. d5 cxd5 23. exd5 Bxd5 24. Rf2 Bf3 25. Rb3 Qd4 26. Kf1
Rxh2 27. Rxh2 Rxh2 28. Ne2 Rh1+ 29. Ng1 Rxg1# { White checkmated } 0-1

[Event "ICC tourney 2216 (45 10)"]
[Site "Internet Chess Club"]
[Date "2020.12.19"]
[Round "4"]
[White "VirginiaGuy"]
[Black "aiden004"]
[Result "0-1"]
[ICCResult "White resigns"]
[WhiteElo "1371"]
[BlackElo "1210"]
[Opening "French: exchange variation"]
[ECO "C01"]
[NIC "FR.01"]
[Time "17:31:30"]
[PlyCount "78"]
[TimeControl "2700+10"]

1. e4 e6 2. d4 d5 3. exd5 exd5 4. Nf3 Nf6 5. Nc3 Nc6 6. Bg5 Be7 7. Be2 Bg4
8. O-O O-O 9. Re1 Re8 10. Bf4 Bd6 11. Bxd6 Qxd6 12. Nb5 Qd7 13. Nc3 Bxf3
14. gxf3 Nh5 15. Qd2 Qf5 16. a3 Nf4 17. Bf1 Ne6 18. Ne2 Qxf3 19. Bg2 Qf5
20. c3 Rad8 21. Ng3 Qf6 22. Qd3 Nf4 23. Rxe8+ Rxe8 24. Qb5 h5 25. Bxd5 h4
26. Bxc6 bxc6 27. Qf1 hxg3 28. hxg3 Nd5 29. Qa6 Rb8 30. b4 Nxc3 31. Qxa7
Qd8 32. Qc5 Nb5 33. Rd1 Qd6 34. a4 Qxc5 35. dxc5 Nc3 36. Rd7 Rb7 37. Rd8+
Kh7 38. Rd7 Kg6 39. a5 Nd5 { White resigns } 0-1

[Event "ICC tourney 2216 (45 10)"]
[Site "Internet Chess Club"]
[Date "2020.12.19"]
[Round "4"]
[White "MGrei"]
[Black "Douglas1"]
[Result "0-1"]
[ICCResult "White resigns"]
[WhiteElo "1160"]
[BlackElo "876"]
[Opening "Ruy Lopez: Cozio defense"]
[ECO "C60"]
[NIC "RL.04"]
[Time "17:31:33"]
[PlyCount "114"]
[TimeControl "2700+10"]

1. e4 e5 2. Nf3 Nc6 3. Bb5 Nge7 4. c3 a6 5. Ba4 b5 6. Bc2 d5 7. exd5 Nxd5
8. O-O Nf6 9. Re1 Bg4 10. d4 Bd6 11. dxe5 Nxe5 12. Bf4 Bxf3 13. Qxf3 Nd7
14. Qd5 O-O 15. Qe4 Nf6 16. Qe2 Re8 17. Bxe5 Rxe5 18. Qd1 Rxe1+ 19. Qxe1
Qd7 20. Qd2 Re8 21. Bd3 c5 22. c4 bxc4 23. Bxc4 a5 24. Qxa5 Bf8 25. Qd2 Qg4
26. Na3 Qc8 27. Re1 Rd8 28. Qc2 Qb8 29. Qb3 Qc7 30. g3 Rb8 31. Bxf7+ Kh8
32. Nb5 Qa5 33. Qc3 Qxb5 34. Rd1 Qb7 35. Bc4 Qc7 36. Be2 Rd8 37. Rc1 Qe7
38. Bf3 Nd5 39. Qa5 Qc7 40. Qb5 Nf6 41. b4 Qb8 42. Qxb8 Rxb8 43. bxc5 Rc8
44. c6 Rc7 45. a4 Nd7 46. a5 Nb8 47. Kg2 h6 48. Be4 g5 49. f4 gxf4 50. gxf4
Bb4 51. f5 Bxa5 52. Kh3 Kg7 53. Kg4 Kf6 54. Kh5 Kf7 55. Kxh6 Bd2+ 56. Kh7
Bxc1 57. Bd5+ Kf6+ { White resigns } 0-1

[Event "ICC tourney 2216 (45 10)"]
[Site "Internet Chess Club"]
[Date "2020.12.19"]
[Round "4"]
[White "chessbud"]
[Black "ayanloveschess"]
[Result "0-1"]
[ICCResult "White checkmated"]
[WhiteElo "1251"]
[BlackElo "1112"]
[Opening "Queen's bishop game"]
[ECO "D00"]
[NIC "QP.08"]
[Time "17:31:39"]
[PlyCount "126"]
[TimeControl "2700+10"]

1. d4 d5 2. Bf4 Nf6 3. Nf3 e6 4. e3 Be7 5. Nbd2 O-O 6. Bd3 b6 7. c3 Nbd7 8.
Qc2 h6 9. g4 Ne8 10. h4 Bd6 11. g5 Bxf4 12. exf4 c5 13. c4 dxc4 14. Nxc4
Bb7 15. Rh3 Bxf3 16. Rxf3 cxd4 17. gxh6 gxh6 18. Rg3+ Kh8 19. O-O-O Qxh4
20. Be4 Qxf4+ 21. Kb1 Rc8 22. Rxd4 Ne5 23. b3 b5 24. Qc3 bxc4 25. Bb7 Qf5+
26. Kb2 Rb8 27. Be4 Qf6 28. f4 Ng6 29. Bxg6 fxg6 30. Rxg6 Qxg6 31. Rd8+ Qg7
32. Rxb8 Qxc3+ 33. Kxc3 cxb3 34. axb3 h5 35. Ra8 h4 36. Rxa7 Rxf4 37. Ra6
Ng7 38. Kd3 Rf5 39. Ra4 Rh5 40. Ke4 h3 41. Ra1 h2 42. Rh1 Nf5 43. Kf3 Nd4+
44. Kg3 Nxb3 45. Rxh2 Rxh2 46. Kxh2 Kg7 47. Kg3 Kf6 48. Kf4 e5+ 49. Ke4
Nc5+ 50. Kf3 Kf5 51. Ke3 Nb3 52. Kf3 e4+ 53. Ke3 Ke5 54. Kf2 Kd4 55. Ke2
Nc1+ 56. Kd2 Nd3 57. Ke2 e3 58. Kd1 Ke4 59. Ke2 Kf4 60. Kf1 Kf3 61. Kg1 e2
62. Kh2 e1=Q 63. Kh3 Qh1# { White checkmated } 0-1

[Event "ICC tourney 2216 (45 10)"]
[Site "Internet Chess Club"]
[Date "2020.12.19"]
[Round "5"]
[White "The-Rider"]
[Black "chessparrot"]
[Result "0-1"]
[ICCResult "White resigns"]
[WhiteElo "1266"]
[BlackElo "1289"]
[Opening "Queen's pawn"]
[ECO "A40"]
[NIC "QO.17"]
[Time "20:01:27"]
[PlyCount "48"]
[TimeControl "2700+10"]

1. d4 e6 2. c4 c5 3. Nf3 Nc6 4. d5 exd5 5. cxd5 Nce7 6. d6 Nf5 7. Bf4 Qb6
8. b3 Nxd6 9. e3 Nf6 10. Na3 Be7 11. Bc4 Qa5+ 12. Qd2 Qxa3 13. O-O Nxc4 14.
bxc4 O-O 15. Ne5 Qb4 16. Rfd1 Qxd2 17. Rxd2 Ne4 18. Rb2 Bd6 19. f3 Nf6 20.
Rd1 Bxe5 21. Bxe5 Re8 22. e4 Rxe5 23. Rd5 Nxd5 24. cxd5 d6 { White resigns
} 0-1

[Event "ICC tourney 2216 (45 10)"]
[Site "Internet Chess Club"]
[Date "2020.12.19"]
[Round "5"]
[White "Maximusiv"]
[Black "Ldon22"]
[Result "1-0"]
[ICCResult "Black resigns"]
[WhiteElo "1011"]
[BlackElo "953"]
[Opening "Sicilian: wing gambit"]
[ECO "B20"]
[NIC "SI.48"]
[Time "20:00:34"]
[PlyCount "53"]
[TimeControl "2700+10"]

1. e4 c5 2. b4 b6 3. bxc5 bxc5 4. Nf3 Nc6 5. Bc4 Nf6 6. Nc3 e6 7. O-O d5 8.
exd5 exd5 9. Bb5 Qb6 10. Re1+ Be6 11. Ne5 d4 12. Bxc6+ Kd8 13. Bxa8 dxc3
14. dxc3+ Bd6 15. Bf3 g5 16. Bxg5 Ke7 17. Ng4 Rg8 18. Bxf6+ Kf8 19. Rb1 Qc7
20. Rb7 Bxh2+ 21. Nxh2 Qf4 22. Be5 Rxg2+ 23. Kxg2 Qg5+ 24. Bg3 f5 25. Rxe6
f4 26. Rb8+ Kf7 27. Qd7+ { Black resigns } 1-0

[Event "ICC tourney 2216 (45 10)"]
[Site "Internet Chess Club"]
[Date "2020.12.19"]
[Round "5"]
[White "andrewj508"]
[Black "baldwinsthename"]
[Result "1-0"]
[ICCResult "Black checkmated"]
[WhiteElo "1270"]
[BlackElo "1215"]
[Opening "Queen's pawn, Mason variation"]
[ECO "D00"]
[NIC "QP.08"]
[Time "20:00:43"]
[PlyCount "111"]
[TimeControl "2700+10"]

1. d4 d5 2. Bf4 Nc6 3. e3 a6 4. c4 Nf6 5. Nc3 e6 6. Nf3 Bb4 7. a3 Bxc3+ 8.
bxc3 h6 9. cxd5 Nxd5 10. Qc2 Nxf4 11. exf4 Qf6 12. Qd2 Bd7 13. Rb1 Na5 14.
c4 b6 15. Bd3 Rb8 16. Ne5 Bc6 17. O-O Bb7 18. c5 b5 19. Qxa5 Rc8 20. c6 Ba8
21. Qd2 g6 22. Rfc1 Rd8 23. Qe3 Rd6 24. a4 Qd8 25. axb5 axb5 26. Rxb5 g5
27. f5 O-O 28. fxe6 Rxe6 29. Qe4 f5 30. Qe3 Bxc6 31. Rxc6 Rxc6 32. Nxc6 Qd7
33. Bc4+ Kg7 34. Qe5+ Rf6 35. Qe7+ Qxe7 36. Nxe7 f4 37. h3 f3 38. gxf3 Rxf3
39. Kg2 Rc3 40. Rc5 Kf6 41. Nd5+ Ke6 42. Nxc3+ Kd6 43. Ne4+ Kd7 44. Bb5+
Ke6 45. Re5+ Kf7 46. Kg3 c6 47. Bxc6 Kg6 48. Be8+ Kg7 49. Nd6 Kf6 50. Kg4
h5+ 51. Kxh5 g4 52. hxg4 Kg7 53. g5 Kf8 54. Bg6 Kg7 55. Nf5+ Kg8 56. Re8# {
Black checkmated } 1-0

[Event "ICC tourney 2216 (45 10)"]
[Site "Internet Chess Club"]
[Date "2020.12.19"]
[Round "5"]
[White "ArjunaZ"]
[Black "MGrei"]
[Result "0-1"]
[ICCResult "White checkmated"]
[WhiteElo "965"]
[BlackElo "1160"]
[Opening "Sicilian defense"]
[ECO "B20"]
[NIC "SI.48"]
[Time "20:00:32"]
[PlyCount "104"]
[TimeControl "2700+10"]

1. e4 c5 2. c4 Nc6 3. d3 d6 4. Bf4 g6 5. Nf3 Bg7 6. Nc3 Nf6 7. d4 cxd4 8.
Nxd4 O-O 9. Nxc6 bxc6 10. e5 dxe5 11. Qxd8 Rxd8 12. Bxe5 Bf5 13. Be2 Rd7
14. Bf3 Rc8 15. O-O Rd2 16. b4 Bd3 17. Rfe1 Bxc4 18. Bf4 Rb2 19. Rxe7 Rxb4
20. Rxa7 Nh5 21. Bxh5 gxh5 22. Rc1 Rd8 23. h3 Be6 24. a3 Rxf4 25. Ne2 Re4
26. Ng3 Rc4 27. Rxc4 Bxc4 28. Nxh5 Be5 29. g3 h6 30. Re7 Bd6 31. Re4 Be6
32. h4 Bxa3 33. Ra4 Be7 34. Ra7 Rd7 35. Ra8+ Kh7 36. f3 c5 37. Kf2 c4 38.
Nf4 Bc5+ 39. Ke2 Bf5 40. Ra5 Bd3+ 41. Nxd3 cxd3+ 42. Kd2 Bb4+ 43. Ke3 Bxa5
44. Ke4 d2 45. Kf5 d1=Q 46. f4 Rd4 47. g4 Rd5+ 48. Kf6 Qd4+ 49. Kxf7 Qxf4+
50. Ke6 Qe5+ 51. Kf7 Rd7+ 52. Kf8 Qe7# { White checkmated } 0-1

[Event "ICC tourney 2216 (45 10)"]
[Site "Internet Chess Club"]
[Date "2020.12.19"]
[Round "5"]
[White "drewmartin"]
[Black "Spriggan"]
[Result "0-1"]
[ICCResult "White resigns"]
[WhiteElo "741"]
[BlackElo "810"]
[Opening "Ruy Lopez: Alapin's defense"]
[ECO "C60"]
[NIC "RL.01"]
[Time "20:00:34"]
[PlyCount "68"]
[TimeControl "2700+10"]

1. e4 e5 2. Nf3 Nc6 3. Bb5 Bb4 4. Bxc6 bxc6 5. Nxe5 d6 6. Nxc6 Qh4 7. Qf3
Bc5 8. d4 Bb6 9. g3 Qf6 10. Qxf6 Nxf6 11. Nc3 Bb7 12. Nb4 Bxd4 13. Nb5 Bb6
14. Be3 O-O 15. Bxb6 axb6 16. Nxc7 Bxe4 17. O-O Rac8 18. Nb5 d5 19. f3 Bxc2
20. Nxc2 Rxc2 21. Rac1 Rxb2 22. Nc3 Rb4 23. Rb1 Rc4 24. Nb5 h6 25. g4 Rd8
26. Rfc1 Rxc1+ 27. Rxc1 d4 28. Rc6 d3 29. Rxb6 d2 30. Nc3 Nd5 31. Nxd5
d1=Q+ 32. Kf2 Qxd5 33. Rb4 Qc5+ 34. Kg3 Qxb4 { White resigns } 0-1

[Event "ICC tourney 2216 (45 10)"]
[Site "Internet Chess Club"]
[Date "2020.12.19"]
[Round "5"]
[White "Cougar2020"]
[Black "ashvathk5"]
[Result "0-1"]
[ICCResult "White checkmated"]
[WhiteElo "1305"]
[BlackElo "986"]
[Opening "Giuoco Pianissimo"]
[ECO "C55"]
[NIC "IG.01"]
[Time "20:00:36"]
[PlyCount "50"]
[TimeControl "2700+10"]

1. e4 e5 2. Nf3 Nc6 3. Bc4 Nf6 4. d3 Bc5 5. c3 O-O 6. b4 Bb6 7. a4 a5 8. b5
Ne7 9. Nxe5 d6 10. Nf3 Bg4 11. h3 Bh5 12. O-O c6 13. bxc6 Nxc6 14. Nbd2 Ne5
15. Re1 Nxf3+ 16. Nxf3 d5 17. exd5 Nxd5 18. Bb2 Nf4 19. Re4 Qf6 20. Kh2
Bxf2 21. Qd2 Nxh3 22. Kxh3 Bxf3 23. gxf3 Qxf3+ 24. Kh2 Qg3+ 25. Kh1 Qh3# {
White checkmated } 0-1

[Event "ICC tourney 2216 (45 10)"]
[Site "Internet Chess Club"]
[Date "2020.12.19"]
[Round "5"]
[White "amka03"]
[Black "RisshiNaavaal"]
[Result "0-1"]
[ICCResult "White checkmated"]
[WhiteElo "1061"]
[BlackElo "1092"]
[Opening "French: exchange variation"]
[ECO "C01"]
[NIC "FR.01"]
[Time "20:00:52"]
[PlyCount "134"]
[TimeControl "2700+10"]

1. e4 e6 2. d4 d5 3. exd5 exd5 4. Nf3 Nf6 5. c4 c6 6. Nc3 Be7 7. Be2 dxc4
8. Bxc4 O-O 9. O-O b5 10. Bb3 a5 11. a3 a4 12. Ba2 Bb7 13. Re1 Bd6 14. Be3
Nbd7 15. Rc1 Ng4 16. Qc2 Ndf6 17. h3 Nxe3 18. fxe3 Bg3 19. Re2 Ba6 20. Rd2
Qe7 21. e4 Rac8 22. Qb1 Bf4 23. e5 Bxd2 24. exf6 Be3+ 25. Kh1 Qxf6 26. Re1
Bxd4 27. Ne4 Qd8 28. Neg5 g6 29. Nxf7 Rxf7 30. Bxf7+ Kxf7 31. Rd1 c5 32.
Qe4 Qe7 33. Qxe7+ Kxe7 34. Nxd4 cxd4 35. Rxd4 Rc4 36. Rxc4 bxc4 37. Kg1 Kd6
38. Kf2 Kd5 39. Ke2 c3+ 40. Kd1 cxb2 41. Kc2 Bf1 42. Kxb2 Bxg2 43. h4 Kc4
44. Kc2 Be4+ 45. Kb2 h5 46. Ka2 g5 47. hxg5 Bg6 48. Kb2 h4 49. Kc1 h3 50.
Kd2 h2 51. Ke3 h1=Q 52. Kf4 Qf1+ 53. Ke3 Qg1+ 54. Kf3 Qxg5 55. Ke2 Qg3 56.
Kd2 Qxa3 57. Ke2 Qd3+ 58. Kf2 a3 59. Kg2 a2 60. Kh2 a1=Q 61. Kg2 Qd2+ 62.
Kf3 Qac3+ 63. Kg4 Qdd4+ 64. Kg5 Qa5+ 65. Kxg6 Qdb6+ 66. Kg7 Qaa7+ 67. Kg8
Qbb8# { White checkmated } 0-1

[Event "ICC tourney 2216 (45 10)"]
[Site "Internet Chess Club"]
[Date "2020.12.19"]
[Round "5"]
[White "wanderingeigeas"]
[Black "auggie29"]
[Result "1/2-1/2"]
[ICCResult "Game drawn because neither player has mating material"]
[WhiteElo "1170"]
[BlackElo "1095"]
[Opening "Sicilian: Taimanov variation"]
[ECO "B46"]
[NIC "SI.32"]
[Time "20:00:51"]
[PlyCount "91"]
[TimeControl "2700+10"]

1. e4 c5 2. Nf3 Nc6 3. d4 cxd4 4. Nxd4 a6 5. Nc3 e6 6. Be2 d5 7. exd5 exd5
8. O-O Nf6 9. Bg5 Be7 10. Bf3 O-O 11. Bxf6 Bxf6 12. Nb3 Bxc3 13. bxc3 Be6
14. Nc5 Qe7 15. Nxe6 fxe6 16. Re1 Qf6 17. Rb1 Rab8 18. Rxe6 Qxc3 19. Bxd5
Kh8 20. Qd3 Qc5 21. Bxc6 Qxf2+ 22. Kh1 bxc6 23. Rbe1 Rbd8 24. Qxd8 Qxe1+
25. Rxe1 Rxd8 26. g4 Kg8 27. Kg1 Rd2 28. Re8+ Kf7 29. Ra8 Rxc2 30. Rxa6 c5
31. Rc6 Rxa2 32. Rxc5 h6 33. Rf5+ Kg6 34. Rf2 Ra4 35. h3 Kg5 36. Kg2 g6 37.
Kg3 Ra3+ 38. Rf3 Rxf3+ 39. Kxf3 Kh4 40. Kg2 g5 41. Kh2 h5 42. gxh5 Kxh5 43.
Kg3 Kg6 44. Kg4 Kh6 45. h4 gxh4 46. Kxh4 { Game drawn because neither
player has mating material } 1/2-1/2

[Event "ICC tourney 2216 (45 10)"]
[Site "Internet Chess Club"]
[Date "2020.12.19"]
[Round "5"]
[White "aiden004"]
[Black "tundrarules"]
[Result "0-1"]
[ICCResult "White checkmated"]
[WhiteElo "1210"]
[BlackElo "1227"]
[Opening "Ruy Lopez: Berlin defense"]
[ECO "C65"]
[NIC "RL.07"]
[Time "20:01:26"]
[PlyCount "126"]
[TimeControl "2700+10"]

1. e4 e5 2. Nf3 Nc6 3. Bb5 Nf6 4. d3 Bc5 5. O-O d6 6. Nc3 O-O 7. Be3 Bb6 8.
Bxc6 bxc6 9. a3 Bg4 10. Bxb6 cxb6 11. Qe2 Re8 12. h3 Bh5 13. Qe3 d5 14.
exd5 cxd5 15. Na2 d4 16. Qe2 Rc8 17. c3 dxc3 18. Nxc3 Nd5 19. Nxd5 Qxd5 20.
Rac1 Rcd8 21. Rcd1 Bxf3 22. Qxf3 Qxf3 23. gxf3 Rd4 24. Rfe1 f5 25. Kf1 Kf7
26. Re3 Kf6 27. Ke2 Rc8 28. Kd2 Rh4 29. Rh1 Rd4 30. Ree1 Rcd8 31. Kc2 Rxd3
32. Rd1 Rxd1 33. Rxd1 Rxd1 34. Kxd1 Kg5 35. Ke2 Kh4 36. Ke3 Kxh3 37. f4 e4
38. f3 exf3 39. Kxf3 h5 40. b4 b5 41. Kf2 Kg4 42. Ke3 Kg3 43. Kd4 h4 44.
Ke5 g6 45. Kd5 h3 46. Kc5 h2 47. Kxb5 h1=Q 48. a4 Qb7+ 49. Ka5 Kxf4 50. b5
Qb6+ 51. Kb4 g5 52. a5 Qd4+ 53. Kb3 g4 54. a6 g3 55. b6 Qxb6+ 56. Kc4 Qxa6+
57. Kd5 g2 58. Kc5 g1=Q+ 59. Kd5 Qd1+ 60. Kc5 Qc8+ 61. Kb4 Qb1+ 62. Ka5
Qc5+ 63. Ka6 Qcb6# { White checkmated } 0-1

[Event "ICC tourney 2216 (45 10)"]
[Site "Internet Chess Club"]
[Date "2020.12.19"]
[Round "5"]
[White "ayanloveschess"]
[Black "Douglas1"]
[Result "1/2-1/2"]
[ICCResult "Game drawn by repetition"]
[WhiteElo "1112"]
[BlackElo "876"]
[Opening "Ruy Lopez: Cozio defense"]
[ECO "C60"]
[NIC "RL.04"]
[Time "20:01:27"]
[PlyCount "110"]
[TimeControl "2700+10"]

1. e4 e5 2. Nf3 Nc6 3. Bb5 Nge7 4. Nc3 a6 5. Bxc6 Nxc6 6. d4 exd4 7. Nxd4
Nxd4 8. Qxd4 c5 9. Qd3 d6 10. Be3 Be7 11. O-O-O O-O 12. h4 Bxh4 13. Qxd6
Qxd6 14. Rxd6 Be7 15. Rd5 Be6 16. Rdh5 h6 17. Bxc5 Bxc5 18. Rxc5 f5 19.
exf5 Bxf5 20. Rh5 Bd7 21. f3 Bc6 22. Rc4 Rad8 23. Rg4 Rfe8 24. Ne4 Bxe4 25.
Rxe4 Rf8 26. Rhh4 Rf6 27. Rhf4 Rfd6 28. Re1 Rd2 29. g4 Rf2 30. Rd1 Rc8 31.
c3 a5 32. Rd3 b5 33. Rfd4 Kh7 34. a4 bxa4 35. Rxa4 Rb8 36. Rd2 Rf1+ 37. Kc2
Rxf3 38. Rxa5 Rf4 39. Rg2 Rf7 40. b4 Rc7 41. Rg3 Rxb4 42. g5 Rbc4 43. g6+
Kg8 44. Ra8+ Rc8 45. Ra6 Kh8 46. Re3 Kg8 47. Rae6 Kf8 48. Rf3+ Kg8 49. Rfe3
Kf8 50. Rf3+ Kg8 51. Rfe3 Kf8 52. Rf3+ Kg8 53. Rfe3 Kf8 54. Rf3+ Kg8 55.
Rfe3 Kf8 { Game drawn by repetition } 1/2-1/2

[Event "ICC tourney 2216 (45 10)"]
[Site "Internet Chess Club"]
[Date "2020.12.19"]
[Round "5"]
[White "kiyer"]
[Black "chessbud"]
[Result "1-0"]
[ICCResult "Black checkmated"]
[WhiteElo "1056"]
[BlackElo "1251"]
[Opening "English: Bremen, reverse dragon"]
[ECO "A22"]
[NIC "EO.24"]
[Time "20:00:36"]
[PlyCount "129"]
[TimeControl "2700+10"]

1. c4 e5 2. g3 Nf6 3. Nc3 d5 4. cxd5 Nxd5 5. Bg2 Nxc3 6. bxc3 Bc5 7. e3 Nd7
8. d4 exd4 9. cxd4 Bd6 10. Ne2 Nf6 11. e4 Be7 12. e5 Nd5 13. Ba3 Bxa3 14.
Qa4+ c6 15. Qxa3 Be6 16. Rb1 Qd7 17. Rb2 a6 18. O-O Ne7 19. Rfb1 Ra7 20.
Qb4 O-O 21. Nc3 Bf5 22. Ne4 Nd5 23. Qb3 Bxe4 24. Bxe4 Qg4 25. Qc2 Qd7 26.
Bxh7+ Kh8 27. Bf5 Qe7 28. Qe4 b5 29. Qf3 Qg5 30. Be4 Rd8 31. Rc2 Qh6 32.
Rbc1 Rc7 33. Bxd5 Rxd5 34. Qxd5 cxd5 35. Rxc7 Qd2 36. Kg2 Qxd4 37. Rxf7
Qxe5 38. Rc8+ Kh7 39. Rcc7 Qe4+ 40. f3 Qe2+ 41. Kh3 Qe6+ 42. g4 Qh6+ 43.
Kg2 Qd2+ 44. Kg3 Qe1+ 45. Kf4 Qe6 46. Rxg7+ Kh8 47. Rh7+ Kg8 48. g5 b4 49.
h4 d4 50. h5 d3 51. g6 d2 52. Rhd7 Qf6+ 53. Kg4 Qe6+ 54. Kh4 Qf6+ 55. Kg4
Qe6+ 56. Kf4 Qe8 57. Rg7+ Kh8 58. Rh7+ Kg8 59. Rcg7+ Kf8 60. h6 Qb8+ 61.
Kg4 Qc8+ 62. Kg3 Qb8+ 63. Kg2 Qg3+ 64. Kxg3 Ke8 65. Rh8# { Black checkmated
} 1-0

[Event "ICC tourney 2216 (45 10)"]
[Site "Internet Chess Club"]
[Date "2020.12.19"]
[Round "5"]
[White "ethansun188"]
[Black "FreddyPatzer"]
[Result "1-0"]
[ICCResult "Black checkmated"]
[WhiteElo "1180"]
[BlackElo "1319"]
[Opening "Two knights defense"]
[ECO "C59"]
[NIC "KP.01"]
[Time "20:00:42"]
[PlyCount "93"]
[TimeControl "2700+10"]

1. e4 e5 2. Nf3 Nc6 3. Bc4 Nf6 4. Ng5 d5 5. exd5 Na5 6. Bb5+ c6 7. dxc6
bxc6 8. Be2 h6 9. Nf3 Bd6 10. d3 O-O 11. O-O e4 12. dxe4 Nxe4 13. Nbd2 f5
14. Nc4 Bc7 15. Nxa5 Bxa5 16. Bc4+ Kh7 17. Qe2 Re8 18. Qd3 Be6 19. Be3 Bb6
20. Bxe6 Rxe6 21. Rad1 Rd6 22. Qe2 Bxe3 23. fxe3 g6 24. Rxd6 Qxd6 25. Rd1
Qf6 26. c3 Rd8 27. Rd3 Rxd3 28. Qxd3 Qe6 29. b3 a5 30. Nd2 Nc5 31. Qd4 Ne4
32. Nxe4 Qxe4 33. Qxe4 fxe4 34. b4 axb4 35. cxb4 Kg7 36. a4 Kf7 37. a5 Ke7
38. a6 Kd7 39. a7 Kc7 40. a8=Q Kd6 41. Qd8+ Ke5 42. Qd4+ Kf5 43. g4+ Kg5
44. Qe5+ Kh4 45. g5 hxg5 46. Qg3+ Kh5 47. Qh3# { Black checkmated } 1-0

[Event "ICC tourney 2216 (45 10)"]
[Site "Internet Chess Club"]
[Date "2020.12.19"]
[Round "5"]
[White "notarnav"]
[Black "edisonzhou"]
[Result "0-1"]
[ICCResult "White checkmated"]
[WhiteElo "1192"]
[BlackElo "1218"]
[Opening "Caro-Kann: exchange variation"]
[ECO "B13"]
[NIC "CK.02"]
[Time "20:00:34"]
[PlyCount "194"]
[TimeControl "2700+10"]

1. e4 c6 2. d4 d5 3. exd5 cxd5 4. Nf3 Nf6 5. Nc3 Nc6 6. h3 Bf5 7. Bd3 Bxd3
8. Qxd3 e6 9. O-O Bd6 10. Bg5 O-O 11. a3 h6 12. Bh4 Be7 13. Rfe1 Qb6 14. b4
Rac8 15. b5 Na5 16. Nxd5 Nxd5 17. Bxe7 Nxe7 18. d5 Nxd5 19. Ne5 Rfd8 20.
Qf3 f6 21. Ng4 Qxb5 22. Rxe6 Qd7 23. Ree1 Qf7 24. Rad1 h5 25. Nh2 Nc6 26.
g4 hxg4 27. hxg4 Nde7 28. Rb1 b6 29. Kg2 Nd4 30. Qe4 Ndc6 31. Nf3 Ng6 32.
Rh1 Re8 33. Qf5 Kf8 34. Nh4 Nxh4+ 35. Rxh4 g6 36. Qd3 Ne5 37. Qd6+ Kg7 38.
Rbh1 Qb7+ 39. Kf1 Qa6+ 40. Kg2 Qb7+ 41. Kf1 Rh8 42. Rxh8 Rxh8 43. Rxh8 Kxh8
44. Qxf6+ Qg7 45. Qd8+ Kh7 46. Qh4+ Kg8 47. Qd8+ Qf8 48. Qxf8+ Kxf8 49. g5
Nf3 50. Ke2 Nxg5 51. f4 Nh3 52. Ke3 g5 53. fxg5 Nxg5 54. c4 Ne6 55. Ke4
Nc5+ 56. Kd4 Ke7 57. Kc3 Kd6 58. Kb4 a6 59. a4 Nd3+ 60. Kc3 Nc1 61. Kb4
Na2+ 62. Kb3 Nc1+ 63. Kb4 Kc6 64. a5 Nd3+ 65. Kc3 Nc5 66. Kb4 b5 67. cxb5+
axb5 68. Kc3 Na6 69. Kb3 Kc5 70. Kc3 b4+ 71. Kb3 Kb5 72. Kb2 Kxa5 73. Kb3
Nc5+ 74. Kc4 b3 75. Kc3 Ka4 76. Kb2 Nd3+ 77. Kb1 Nb4 78. Kb2 Nc2 79. Kb1
Ka3 80. Kc1 Ka2 81. Kd1 b2 82. Kxc2 b1=Q+ 83. Kd2 Qe4 84. Kc3 Ka3 85. Kd2
Qg2+ 86. Ke3 Kb4 87. Kf4 Qe2 88. Kg3 Qf1 89. Kh2 Kc4 90. Kg3 Kd5 91. Kh2
Qf8 92. Kg3 Ke4 93. Kg4 Qf4+ 94. Kh5 Qg3 95. Kh6 Kf5 96. Kh7 Kf6 97. Kh8
Qg7# { White checkmated } 0-1